Cogmind - Beta 13 @@@ ROGUE MODE // 2024.06.16 @ 17:13:44 Player: Miguell Result: Destroyed by Y-45 Defender with Heavy Assault Rifle Performance ------------- Evolutions (1) 500 Regions Visited (3) 600 Robots Destroyed (35) 175 Value Destroyed (883) 883 Prototype IDs (2) 40 Alien Tech Used (0) 0 Bonus (35) 35 TOTAL SCORE: 2233 Bonus ------- Follower Combat Kills 35 Cogmind --------- Core Integrity 0/400 Matter 300/300 Energy 100/100 System Corruption 0% Temperature Cool (0) Movement Core (1350) Ox26 Location -9/Materials Parts ------- > --- POWER (1) -------- (None) > --- PROPULSION (2) --- (None) > --- UTILITY (4) ------ Huge Storage Unit Signal Interpreter > --- WEAPON (2) ------- (None) > --- INVENTORY (25) --- Aluminum Leg Peak State ------------ > --- POWER ------------ Light Nuclear Core > --- PROPULSION ------- Light Treads Light Treads > --- UTILITY ---------- Small Storage Unit Medium Matter Pod Signal Interpreter > --- WEAPON ----------- Particle Gun Light Assault Rifle > --- INVENTORY -------- Ion Engine Aluminum Leg Aluminum Leg Aluminum Leg Aluminum Leg Small Laser Light Assault Rifle [Rating: 11] Favorites ----------- Power Ion Engine Engine Ion Engine Power Core Light Nuclear Core Propulsion Light Treads Treads Light Treads Leg Aluminum Leg Utility Signal Interpreter Storage Small Storage Unit Processor Signal Interpreter Protection Light Armor Plating Weapon Light Assault Rifle Energy Gun EM Pulse Gun Ballistic Gun Light Assault Rifle Launcher Mini Grenade Launcher Build | -11 -10 -10 -9 ------- Run | Yrd Mat Min Mat Slots Evolved 2 | . . . 2 Power . | . . . . Propulsion . | . . . . Utility 2 | . . . 2 Weapon . | . . . . Parts Attached 35 | 6 1 3 25 Power 4 | 1 . 1 2 Engine 3 | 1 . . 2 Core 1 | . . 1 . Reactor . | . . . . Propulsion 11 | 2 . . 9 Treads 6 | 2 . . 4 Leg 5 | . . . 5 Wheel . | . . . . Hover . | . . . . Flight . | . . . . Utility 5 | 1 1 . 3 Device . | . . . . Storage 3 | 1 . . 2 Processor 1 | . 1 . . Hackware . | . . . . Protection 1 | . . . 1 Artifact . | . . . . Weapon 15 | 2 . 2 11 Energy Gun 6 | 1 . 1 4 Energy Cannon . | . . . . Ballistic Gun 6 | 1 . 1 4 Ballistic Cannon . | . . . . Launcher 3 | . . . 3 Special Weapon . | . . . . Impact Weapon . | . . . . Slashing Weapon . | . . . . Piercing Weapon . | . . . . Special Melee Weapon . | . . . . Unidentified Prototypes . | . . . . Parts Lost 16 | . . 1 15 Power 3 | . . . 3 Propulsion 6 | . . . 6 Utility 2 | . . . 2 Weapon 5 | . . 1 4 Highest Loss Streak 8 | . . 1 8 To Critical Strikes . | . . . . Average Slot Usage (%) 95 | . 98 100 89 Engine 7 | . 14 6 6 Core 4 | . . 7 3 Treads 22 | . 28 28 14 Leg 2 | . . . 6 Storage 17 | . 14 14 21 Processor 12 | . 12 14 11 Protection 1 | . . . 4 Energy Gun 10 | . 14 14 5 Ballistic Gun 14 | . 14 14 15 Naked Turns . | . . . . Heaviest Build 94 | 14 14 15 94 Greatest Support 40 | 40 40 40 40 Greatest Overweight (x) 26 | 3 . . 26 Average Overweight (x) . | 1 . . 2 Largest Inventory Capacity 25 | 8 8 8 25 Average Capacity 13 | 7 8 8 22 Most Carried 8 | 6 8 8 8 Average Carried 6 | 3 6 7 5 Final Capacity 25 | 8 8 8 25 Final Carried 8 | 6 8 8 1 Class Distribution -------------------- 84% | Mutant 15% | Scavenger-Mutant Dominant Class ---------------- Mutant | -10/Materials Mutant | -10/Mines Mutant | -9/Materials Resources | -11 -10 -10 -9 ----------- Run | Yrd Mat Min Mat Matter Collected 912 | 260 46 194 412 Remotely . | . . . . Salvage Created 984 | . 135 247 602 Parts 67 | . 7 22 38 Haulers Intercepted . | . . . . Recyclers Shooed . | . . . . Parts Field Recycled . | . . . . Retrieved Matter . | . . . . Parts Self-Destructed . | . . . . Prevented . | . . . . Kills | -11 -10 -10 -9 ------- Run | Yrd Mat Min Mat Combat Hostiles Destroyed 31 | . 3 9 19 Guns 26 | . 3 9 14 AOE 5 | . . . 5 Classes Destroyed 7 | . 1 1 5 Worker 1 | . . . 1 Builder 1 | . . . 1 Recycler 1 | . . . 1 Watcher 1 | . . . 1 Swarmer 13 | . . 6 7 Grunt 14 | . 3 3 8 Sentry 4 | . . . 4 Best Kill Streak 4 | . 2 3 4 Combat Bots Only 4 | . 2 3 4 Max Kills in Single Turn 3 | . 1 2 3 Gunslinging . | . . . . Exploded 1 | . . . 1 Melee . | . . . . Uniques/NPCs Destroyed . | . . . . Combat | -11 -10 -10 -9 -------- Run | Yrd Mat Min Mat Hostile Shots Fired 249 | . 15 48 186 Missed 61 | . 6 14 41 Damage Taken 2325 | . 100 346 1879 Core 456 | . 22 34 400 Absorbed by Shields . | . . . . Core Remaining (%) 88 | 100 . 77 . Volleys Fired 90 | . 12 23 55 Largest 2 | . 2 2 2 Hottest 85 | . 60 85 85 Shots Fired 178 | . 24 46 108 Gun 169 | . 24 46 99 Cannon . | . . . . Launcher 9 | . . . 9 Special . | . . . . Kinetic 108 | . 12 23 73 Thermal 28 | . . 2 26 Explosive 9 | . . . 9 Electromagnetic 33 | . 12 21 . Robot Hit Streak 13 | . 9 6 13 Robot Miss Streak 5 | . 1 5 4 Penetration Max . | . . . . Secondary Targets 2 | . . 2 . Max Gunslinging Chain 1 | . . 1 . Shots Hit Robots 115 | . 19 23 73 Core Hits 58 | . 5 12 41 Critical Kills . | . . . . Critical Parts Destroyed 1 | . . . 1 Critical Strikes 2 | . 1 . 1 Destroy 1 | . . . 1 Corrupt 1 | . 1 . . Melee Attacks . | . . . . Impact . | . . . . Slashing . | . . . . Piercing . | . . . . Sneak Attacks . | . . . . Combat Hostiles . | . . . . Follow-up Attacks . | . . . . Damage Inflicted 2369 | . 238 307 1824 Guns 1531 | . 238 307 986 Cannons . | . . . . Explosions 838 | . . . 838 Melee . | . . . . Ramming . | . . . . Kinetic 1076 | . 123 167 786 Thermal 200 | . . . 200 Explosive 838 | . . . 838 Electromagnetic 255 | . 115 140 . Impact . | . . . . Slashing . | . . . . Piercing . | . . . . Highest Corruption . | . . . . Average Corruption . | . . . . Corruption Purged . | . . . . Corruption Blocked . | . . . . Overload Shots . | . . . . Overflow Damage 63 | . . . 63 Projectiles . | . . . . Explosions 63 | . . . 63 Melee . | . . . . Knockbacks . | . . . . Impact . | . . . . Kinetic . | . . . . Secondary . | . . . . Self-Inflicted Damage 71 | . . . 71 Shots 3 | . . . 3 Rammed . | . . . . Targets Rammed . | . . . . Kicked . | . . . . Crushed . | . . . . Highest Temperature 183 | . 30 63 183 Average Temperature 26 | . 12 23 31 Received Heat Transfer 807 | . 54 93 660 Siege Activations . | . . . . Robots Corrupted . | . . . . Combat Hostiles . | . . . . Parts Fried . | . . . . Impact Corruptions . | . . . . Robots Melted . | . . . . Combat Hostiles . | . . . . Parts Melted 1 | . . . 1 Heat Transferred 459 | . . . 459 Parts Sabotaged . | . . . . Parts Stolen . | . . . . Parts Stripped . | . . . . Power Chain Reactions . | . . . . Alert | -11 -10 -10 -9 ------- Run | Yrd Mat Min Mat Peak Influence 401 | . 65 131 401 Initial 11 | . . 11 . Average 52 | . 20 24 98 Maximum Alert Level 2 | . . . 2 Low Security (%) 93 | 100 100 100 83 Level 1 6 | . . . 15 Level 2 . | . . . . Level 3 . | . . . . Level 4 . | . . . . Level 5 . | . . . . High Security . | . . . . Max Security . | . . . . Squads Dispatched 7 | . 4 . 3 Investigation 3 | . 2 . 1 Extermination . | . . . . Reinforcement 4 | . 2 . 2 Assault . | . . . . Garrison . | . . . . Intercept . | . . . . Searches Triggered . | . . . . Construction Impeded . | . . . . Haulers Reinforced . | . . . . Active Scanning Responses . | . . . . Cargo Convoy Interrupts . | . . . . Stealth | -11 -10 -10 -9 --------- Run | Yrd Mat Min Mat Distress Signals 2 | . 1 . 1 Communications Jammed . | . . . . Distress Signals . | . . . . Times Spotted 45 | . 8 11 26 Peak Tracking Total 5 | . 4 3 5 Tactical Retreats . | . . . . Traps | -11 -10 -10 -9 ------- Run | Yrd Mat Min Mat Traps Triggered . | . . . . Indirectly . | . . . . Trap Hack Attempts . | . . . . Triggered . | . . . . Disarmed . | . . . . Reprogrammed . | . . . . Reused . | . . . . Traps Extracted . | . . . . Installed . | . . . . Triggered . | . . . . Machines | -11 -10 -10 -9 ---------- Run | Yrd Mat Min Mat Machines Disabled 3 | . . 1 2 Max in Single Turn 1 | . . 1 1 Machines Repaired . | . . . . Machines Dismantled . | . . . . Machines Sabotaged . | . . . . Overloaded Fab Kills . | . . . . Hacking | -11 -10 -10 -9 --------- Run | Yrd Mat Min Mat Machines Accessed 4 | . 2 . 2 Terminals 3 | . 1 . 2 Fabricators . | . . . . Repair Stations . | . . . . Recycling Units 1 | . 1 . . Scanalyzers . | . . . . Garrison Access . | . . . . Total Hacks 15 | . 8 . 7 Successful 7 | . 5 . 2 Failed 8 | . 3 . 5 Catastrophic . | . . . . Database Lockouts . | . . . . Manual 1 | . 1 . . Terminals 11 | . 4 . 7 Fabricators . | . . . . Repair Stations . | . . . . Recycling Units 4 | . 4 . . Scanalyzers . | . . . . Garrison Access . | . . . . Terminal Hacks 4 | . 2 . 2 Record 2 | . 2 . . Prototype ID Bank 1 | . . . 1 Recall Investigation 1 | . . . 1 Fabricator Hacks . | . . . . Repair Station Hacks . | . . . . Recycling Unit Hacks 3 | . 3 . . Report Inventory 1 | . 1 . . Retrieve Matter 1 | . 1 . . Retrieve Components 1 | . 1 . . Scanalyzer . | . . . . Garrison Access Hacks . | . . . . Unauthorized Hacks . | . . . . Terminals . | . . . . Fabricators . | . . . . Repair Stations . | . . . . Recycling Units . | . . . . Scanalyzers . | . . . . Garrison Access . | . . . . Data Cores Recovered . | . . . . Used . | . . . . Hacking Detections 4 | . 2 . 2 Full Trace Events 4 | . 2 . 2 Feedback Events . | . . . . Feedback Blocked . | . . . . Robot Schematics Acquired . | . . . . Robots Built . | . . . . Authchips . | . . . . Time . | . . . . Total Robot Build Rating . | . . . . Part Schematics Acquired . | . . . . Parts Built . | . . . . Authchips . | . . . . Time . | . . . . Total Part Build Rating . | . . . . Parts Repaired . | . . . . Time . | . . . . Parts Recycled . | . . . . Recycled Matter . | . . . . Retrieved Matter . | . . . . Retrieved Components 2 | . 2 . . Parts Scanalyzed . | . . . . Part Schematics Acquired . | . . . . Parts Damaged . | . . . . Bothacking | -11 -10 -10 -9 ------------ Run | Yrd Mat Min Mat Used RIF Installer . | . . . . Robots Hacked . | . . . . Non-combat . | . . . . Combat . | . . . . Robot Hacks Applied . | . . . . Relay Couplers Released . | . . . . Fabnet Peak Effective % . | . . . . Robots Rewired . | . . . . Allies Hacked . | . . . . Hacks Repelled . | . . . . Allies | -11 -10 -10 -9 -------- Run | Yrd Mat Min Mat Total Allies 1 | . . 1 . Largest Group 1 | . . 1 . Highest-Rated Group 31 | . . 31 . Highest-Rated Ally 31 | . . 31 . Total Orders . | . . . . Ally Attacks 4 | . . 4 . Total Damage 40 | . . 40 . Kills 1 | . . 1 . Allies Corrupted . | . . . . Allies Melted . | . . . . Intel | -11 -10 -10 -9 ------- Run | Yrd Mat Min Mat Robot Analysis Total . | . . . . Derelict Logs Recovered 2 | . . 2 . Drone Launches . | . . . . Drone Recoveries . | . . . . Exploration | -11 -10 -10 -9 ------------- Run | Yrd Mat Min Mat Turns Passed 3133 | 117 461 1303 1252 Spaces Moved 1275 | 61 176 714 324 Core 27 | 26 . . 1 Treads 1169 | 35 176 714 244 Legs 79 | . . . 79 Wheels . | . . . . Hover . | . . . . Flight . | . . . . Fastest Speed 50 | 50 160 160 120 Average Speed 199 | 163 160 160 314 Slowest Speed 1350 | 200 160 160 1350 Overloaded Moves . | . . . . Propulsion Burnouts . | . . . . Robots Hopped . | . . . . Cave-ins Triggered . | . . . . Exploration Rate (%) 37 | 4 24 88 32 Regions Visited 3 Branch Regions 1 Pre-discovered Areas 1 | . . 1 . Known Exits Taken 2 | . 1 1 . Unknown Exits Taken 1 | 1 . . . Scrap Searched 1 | . . 1 . Spaces Dug . | . . . . Terrain Destroyed 65 | . . . 65 Melee . | . . . . Projectile . | . . . . AOE 65 | . . . 65 Terrain Rammed . | . . . . Walls Destroyed . | . . . . Machines Disabled . | . . . . Actions | -11 -10 -10 -9 --------- Run | Yrd Mat Min Mat Total 1699 | 78 333 830 458 Wait 261 | . 138 82 41 Move 1272 | 60 175 713 324 Hop . | . . . . Pick Up 30 | 12 5 5 8 Fast Attach . | . . . . Attach 18 | 6 1 1 10 Detach . | . . . . Swap 17 | . . 2 15 Drop 11 | . 2 4 5 Fire 90 | . 12 23 55 Melee . | . . . . Ram . | . . . . Kick . | . . . . Crush . | . . . . Escape Stasis . | . . . . Rewire . | . . . . Trap . | . . . . Miscellaneous . | . . . . Route ------- -11/Scrapyard -10/Materials -10/Mines -9/Materials (discovered 2 exits: Mat / Min) History --------- Turn | Location | Event 2 | -11/Scrapyard | Met Revision 17 28 | -11/Scrapyard | Discovered new exit (range 15) 118 | -11/Scrapyard | Entered Materials 309 | -10/Materials | Build established: Mutant 465 | -10/Materials | Discovered new exit (range 16) 578 | -10/Materials | Identified exit to Mines 579 | -10/Materials | Entered Mines 717 | -10/Mines | Discovered new exit (range 6) 725 | -10/Mines | Identified exit to Materials 997 | -10/Mines | Learned 4 Materials zone layouts 1079 | -10/Mines | Learned Materials stockpile data 1097 | -10/Mines | Escorted by a lone wolf Derelict 1117 | -10/Mines | Learned location of Storage (-8) 1882 | -10/Mines | Entered Materials 1882 | -9/Materials | Evolved 2 slots: Utility x2 1883 | -9/Materials | Identified exit to Mines 1883 | -9/Materials | Identified exit to Materials 2661 | -9/Materials | Build established: Scavenger-Mutant 2944 | -9/Materials | Core integrity fell below 50% 3004 | -9/Materials | Lost 3 parts (1p1n1w) 3092 | -9/Materials | Core integrity fell below 20% 3118 | -9/Materials | Build established: Mutant 3134 | -9/Materials | Destroyed by Y-45 Defender with Heavy Assault Rifle Last Messages --------------- 03124_ U-05 Engineer lays Concrete. 03124_ U-05 Engineer builds a Wall. 03125_ Connecting with Terminal... >>Prototypes Downloading prototype IDs... Adv. Beam Cannon Imp. VTOL Module 03125_ ALERT: Suspicious activity at Terminal M009. Dispatching Investigation squad. 03125_ U-05 Engineer builds a Wall. 03125_ U-05 Engineer lays Concrete. 03126_ K-01 Serf collects debris. 03126_ R-06 Scavenger collects Aluminum Leg. 03127_ U-05 Engineer lays Concrete. 03128_ Aluminum Leg destroyed. 03128_ U-05 Engineer lays Concrete. 03129_ U-05 Engineer builds a Wall. 03130_ K-01 Serf collects debris. 03131_ U-05 Engineer lays Concrete. 03134_ K-01 Serf collects debris. Map ----- +----------------------------------------------------+ | ??????????????????# + T # "" | | ??????????????????# "" # ^ + "" | | ??????????????????# S"" # % ########## # | | ??????????????????# "" ## ###????????? #### | | ??????????????????# # # #????????? ### | | ???????????????######### #+## # #????????? # | | ???????????????# # ###????????? # | | ???????????????# """"" + ##??????????> # | | #???# """ """ # ""T"" # ### ###???????????????? | | #???# # #+###+###???????????????? | | #???# ###### ## #????????????????? | | ##???#####+############### #????????????????? | | ######### + [ ?# ] #?????#??????????? | | # # # """ ?# #???? #??????????? | | #""" # # """ ?# #??? #??????????? | | #""" + # """ ?# #?? ????????????? | | #""" # # "T" #####a####+####### ??????? | | # # # """ # % ????? | | ######### #####+#### ????? | | ?# # ! w* ????? | | ?# """ + k [Y############ ?????? | | ?# """ # """ " !### ####????????? | | ?# """ # """ * =+ #????????? | | ?# # """ """ u ! # #????????? | | ?# """ # ! """ "" # #???????? | | ?# """ # """ """ @# # !""" ##???????? | | ## """ # T### =[[!""" #????????? | | # + ##?? " =["""??????????? | | + """ # #???# """ ?????????? | | # """ # ###+###########???? #????????? | | # """ # ## ????????????####+#####????????? | | # # ##""" ??????????????????????????????? | | ######## ##""" ??????????????????????????????? | | ?????????????????????????????????????????????????? | | ?????????????????????????????????????????????????? | | ?????????????????????????????????????????????????? | | ?????????????????????????????????????????????????? | | ?????????????????????????????????????????????????? | | ?????????????????????????????????????????????????? | | ?????????????????????????????????????????????????? | | ?????????????????????????????????????????????????? | | ?????????????????????????????????????????????????? | | ?????????????????????????????????????????????????? | | ?????????????????????????????????????????????????? | | ?????????????????????????????????????????????????? | | ?????????????????????????????????????????????????? | | ?????????????????????????????????????????????????? | | ?????????????????????????????????????????????????? | | ?????????????????????????????????????????????????? | | ?????????????????????????????????????????????????? | +----------------------------------------------------+ Best States ------------- Heat Dissipation 28 Energy Generation 14 Energy Capacity 250 Matter Stores 400 Matter Capacity 400 Sight Range 16 Terrain Scan Density 10 Armor Coverage 150 Evasion (%) 55 Recoil Reduction 2 Item Schematics ----------------- None Robot Schematics ------------------ None Fabricated ------------ Nothing Alien Tech Used ----------------- None Achievements -------------- None Challenges ------------ None Game ------ Seed NetworkArmorPlating Manual? 0 Play Time 00:23:33 Cumulative 2.1 hours Start 2024.06.10 @ 21:48:12 End 2024.06.16 @ 17:13:44 Sessions 1 Manual Loads 0 Difficulty Rogue Special Mode None Game No. 6 Rogue 6 Adventurer 0 Explorer 0 Win Type - Total 0 Types 0/0/0/0/0/0/0/0/0 Lore% 2 Gallery% 5 Achievement% 6 Wizard Run 0 Options --------- Layout 1 ASCII 0 Keyboard 0 Movement Mouse Keybinds 0 Fullscreen 1 Font 24/Smallcaps Map View 50x35 Zoom Use 0% Tactical HUD 1 Map Filters NONE Filters NONE Steam 0 RUN: bae7a8c9-9187-4af6-9710-26823a2e3a9c